 Seeded DCSS version 0.31-a0-978-g1e143483b6 (webtiles) character file.

Game seed: 2954187639400825480 (custom seed)

13016 timneilson the Grappler (level 12, -18/82 HPs)
             Began as an Octopode Shapeshifter on Oct 30, 2023.
             Demolished by a large slime creature (21 damage)
             ... in a Gauntlet.
             The game lasted 00:30:39 (12728 turns).

timneilson the Grappler (Octopode Shapeshifter)    Turns: 12728, Time: 00:30:40

Health: -18/82     AC:  2    Str: 18    XL:     12   Next: 1%
Magic:  19/19      EV: 20    Int: 13    God:
Gold:   215        SH:  0    Dex: 11    Spells: 17/21 levels left

rFire   . .          .
                       - Unarmed
rCold   . . .        p - melded +1 kite shield
rNeg    . . .        E - +1 hat
rPois   .            z - amulet of the acrobat
rElec   .            f - +4 ring of slaying
rCorr   .            w - +5 ring of evasion
SInv    .            (no ring)
Will    .....        (no ring)
Stlth   ++           (no ring)
HPRegen 0.33/turn    (no ring)
MPRegen 0.16/turn    (no ring)
                     (no ring)

%: no teleportation, acrobat
@: flux-form, glowing, studying Air Magic
A: glow, contaminating, almost no armour, amphibious, 8 rings, camouflage 1,
gelatinous body 1, (nimble swimmer 1), tentacles
a: Begin Untransformation


You were in a Gauntlet.
You were something dangerously unstable.
You visited 2 branches of the dungeon, and saw 12 of its levels.
You also visited: Sewer and Gauntlet.

You collected 735 gold pieces.
You spent 520 gold pieces at shops.

Inventory:

Armour
 p - a +1 kite shield (melded)
 E - a +1 hat (worn)
Jewellery
 f - a +4 ring of slaying (left tentacle)
 w - a +5 ring of evasion (right tentacle)
 z - an amulet of the acrobat (around mantle)
 F - a ring of fire
Talismans
 b - a beast talisman
 c - a flux talisman (active)
 j - a blade talisman
Wands
 r - a wand of roots (21)
 s - a wand of flame (25)
 y - a wand of acid (2)
 A - a wand of digging (10)
Scrolls
 l - 3 scrolls of blinking
 m - 10 scrolls of teleportation
 n - 2 scrolls of poison
 t - 2 scrolls of immolation
 u - 2 scrolls of enchant weapon
 x - a scroll of fear
 G - a scroll of fog
Potions
 a - 3 potions of lignification
 d - 2 potions of enlightenment
 e - a potion of curing
 g - 5 potions of attraction
 h - a potion of might
 i - 2 potions of cancellation
 k - a potion of haste {unknown}
 o - 3 potions of brilliance
 q - a potion of degeneration {unknown}
 B - a potion of resistance {unknown}
 C - 2 potions of mutation {unknown}
 D - 2 potions of magic {unknown}
 H - 2 potions of ambrosia


   Skills:
 * Level 7.6 Fighting
 * Level 7.8 Dodging
 + Level 7.3 Stealth
 + Level 5.1 Shields
 * Level 8.3 Unarmed Combat
 + Level 5.0 Spellcasting
 + Level 2.7 Translocations
 + Level 3.9 Air Magic
 + Level 5.4 Evocations
 * Level 7.6 Shapeshifting


You had 17 spell levels left.
You knew the following spells:

 Your Spells              Type           Power      Damage    Failure   Level
a - Vhi's Electric Charg  Tloc/Air       22%        N/A       43%         4

Your spell library contained the following spells:

 Spells                   Type           Power      Damage    Failure   Level
 Summon Small Mammal      Summ           12%        N/A       19%         1
 Call Canine Familiar     Summ           3%         N/A       50%         3
 Summon Guardian Golem    Hex/Summ       3%         N/A       50%         3
 Arcjolt                  Conj/Air       4%         1d14      93%         5
 Plasma Beam              Fire/Air       4%         2x1d14    100%        6


Dungeon Overview and Level Annotations

Branches:
Dungeon (11/15)            Temple (1/1) D:7            Lair (0/5) D:9
  Sewer (visited)         Gauntlet (1/1)
    Orc: D:9-12

Altars:
Ashenzari
Cheibriados
Dithmenos
Elyvilon
Fedhas
Gozag
Hepliaklqana
Kikubaaqudgha
Makhleb
Nemelex Xobeh
Okawaru
Qazlal
Ru
Sif Muna
Trog
Uskayaw
Vehumet
Wu Jian
Xom
Yredelemnul
Zin
The Shining One

Shops:
D:1 *   D:2 *(   D:3 (*   D:4 *   D:6 ?[!(   D:8 (

Annotations:
D:7 exclusion: statue Gauntlet 11 transporters


Innate Abilities, Weirdness & Mutations

You are something dangerously unstable.
You glow with magical radiation, making you easy to see and hit.
Foes you strike become dangerously contaminated with magical radiation.
You are incapable of wielding weapons or throwing items.
You cannot wear most types of armour.
You are amphibious.
You can wear up to eight rings at the same time.
Your skin changes colour to match your surroundings (Stealth+).
Your rubbery body absorbs attacks. (AC +1, EV +1)
((You are camouflaged when in or above water. (Stealth+)))
You have tentacles for arms and can constrict up to eight enemies at once.


Message History

The large slime creature is moderately wounded.
The large slime creature hits you!!!
* * * LOW HITPOINT WARNING * * *
The jelly barely misses you.
You bludgeon the jelly!
You kill the jelly!
The large slime creature misses you. The jelly completely misses you.
Unknown command.
You feel better.
The large slime creature barely misses you.
The jelly hits you.
* * * LOW HITPOINT WARNING * * *
You are splashed with acid!
* * * LOW HITPOINT WARNING * * *
You tentacle-slap the jelly.
The jelly begins to glow.
Your tentacles burn!
* * * LOW HITPOINT WARNING * * *
The jelly is moderately wounded.
The jelly completely misses you.
The large slime creature barely misses you.
You bludgeon the jelly!
The jelly glows dangerously bright.
Your tentacles burn!
* * * LOW HITPOINT WARNING * * *
The jelly is almost dead.
You tentacle-slap the jelly.
You kill the jelly!
The large slime creature barely misses you.
You tentacle-slap the large slime creature.
The large slime creature glows dangerously bright.
The large slime creature is moderately wounded.
The large slime creature completely misses you.
You bludgeon the large slime creature!
The large slime creature shudders as magic cascades through it!
The large slime creature twists and deforms.
The large slime creature is heavily wounded.
The large slime creature completely misses you.
You tentacle-slap the large slime creature.
The large slime creature begins to glow.
The large slime creature is heavily wounded.
The large slime creature hits you!!
You die...

.©.#....≈.............≈....#.©.#.
...#...≈8≈...........§8§...#...#.
.©.#....≈.............§....#.©.#.
#######.§.###########...#########
?©[..Z#...#...!©?...#.8.#........
#.##..#...#.#.#.#.#.#...#..##.##.
.#..#.#...#..#.#.#..#####.##...##
.#..#.#...#.#.#.#.#.#...#.#.....#
####..#...#..#.©p#..#©.©#....©...
.#©.#.#...#.#.#.#J#.#...#.#..y..#
.#..#Z#...#..#.#.#..#####.##...##
#.##.Z#.∩.#.#.#.#.#.#...#y.##.##.
....ZZ#...#.........#.8.#yy.y....
#######...###########...#########
.©........§....©.................
.......§∩§§......................
#################################


You could see a large slime creature (contam, misshapen).

Vanquished Creatures
  Gastronok (D:9)
  Harold (D:9)
  A hydra (D:9)
  A deep elf pyromancer (D:9)
  Joseph (D:9)
  A gargoyle (D:10)
  Jeremiah (D:9)
  Grinder (D:5)
  3 trolls
  A queen bee (D:9)
  Sigmund (D:3)
  A shadow (D:10)
  17 yaks
  2 wyverns
  A steam dragon (D:8)
  5 water moccasins
  Edmund (D:5)
  2 black bears
  Pargi (Sewer)
  2 orc warriors
  3 sky beasts
  5 ogres
  A phantom (D:6)
  A centaur (D:8)
  2 kobold brigands (D:7)
  2 bullfrogs
  2 scorpions
  9 wights
  23 killer bees
  4 electric eels (D:8)
  2 hounds (D:6)
  4 orc priests
  8 jellies
  Ijyb (D:3)
  4 sleepcaps
  Crazy Yiuf (D:5)
  An iguana (D:5)
  Natasha (D:2)
  14 orc wizards
  4 gnolls (D:5)
  11 adders
  2 river rats (D:4)
  4 white imps
  3 ufetubi
  2 worms
  3 dart slugs
  28 orcs
  7 ball pythons
  3 bats
  17 endoplasms
  2 giant cockroaches
  7 goblins
  5 hobgoblins (D:1)
  7 jackals
  11 kobolds
  6 quokkas
  3 frilled lizards
  4 rats
262 creatures vanquished.

Notes
Turn   | Place    | Note
-------+----------+-------------------------------------------
     0 | D:1      | timneilson the Octopode Shapeshifter began the quest for
                  | the Orb.
     0 | D:1      | Reached XP level 1. HP: 13/13 MP: 1/1
     0 | D:1      | Upgraded the game from 0.31-a0-977-gc230f8ef24 to
                  | 0.31-a0-978-g1e143483b6
    32 | D:1      | Found Miczi's Assorted Antiques.
   140 | D:1      | Reached XP level 2. HP: 16/18 MP: 2/2
   369 | D:1      | Reached XP level 3. HP: 23/23 MP: 3/3
   370 | D:1      | Reached skill level 1 in Stealth
   873 | D:2      | Reached XP level 4. HP: 29/29 MP: 5/5
   964 | D:2      | Reached skill level 1 in Spellcasting
  1021 | D:2      | Found Yhoon's Weapon Shoppe.
  1168 | D:2      | Noticed a golden eye
  1172 | D:2      | Found a faded altar of an unknown god.
  1175 | D:2      | Noticed a glass eye
  1176 | D:2      | Noticed an eye of devastation
  1176 | D:2      | Noticed a golden eye
  1183 | D:2      | Found a glowing golden altar of the Shining One.
  1335 | D:2      | Found Usydeci's General Store.
  1420 | D:3      | Noticed Natasha
  1430 | D:2      | Killed Natasha
  1431 | D:2      | Reached XP level 5. HP: 27/34 MP: 6/6
  1772 | D:3      | Noticed Sigmund
  1774 | D:3      | Found Kybbuynt's Antique Weapon Shoppe.
  1782 | D:3      | Killed Sigmund
  1783 | D:3      | Reached skill level 4 in Unarmed Combat
  1783 | D:3      | Reached XP level 6. HP: 36/41 MP: 6/8
  1902 | D:3      | Found Zin's Purification Station.
  1906 | D:3      | Found a glowing silver altar of Zin.
  1944 | D:3      | Noticed Ijyb
  1964 | D:3      | Killed Ijyb
  2525 | D:4      | Found a glowing drain.
  2529 | Sewer    | Entered a sewer
  2596 | Sewer    | Noticed Pargi
  2612 | Sewer    | Killed Pargi
  2613 | Sewer    | Reached XP level 7. HP: 15/46 MP: 9/9
  2911 | D:4      | Found Syxt's Assorted Antiques.
  3130 | D:4      | Reached skill level 1 in Shields
  3130 | D:4      | Reached skill level 1 in Evocations
  3216 | D:5      | Entered Level 5 of the Dungeon
  3405 | D:5      | Reached XP level 8. HP: 45/54 MP: 11/11
  3450 | D:5      | Found a shadowy altar of Dithmenos.
  3586 | D:5      | Reached skill level 5 in Unarmed Combat
  3608 | D:5      | Noticed Edmund
  3612 | D:5      | Killed Edmund
  3662 | D:5      | Noticed Grinder
  3675 | D:5      | Killed Grinder
  3676 | D:5      | Reached skill level 5 in Shapeshifting
  4246 | D:5      | Found a runed translucent door.
  4247 | D:5      | Noticed Crazy Yiuf
  4427 | D:6      | Found Yxuappal's Magic Scroll Boutique.
  4445 | D:6      | Reached XP level 9. HP: 56/59 MP: 13/13
  4497 | D:6      | Reached skill level 5 in Dodging
  4715 | D:6      | Found Luosch's Weapon Boutique.
  4852 | D:6      | Found Ziergh's Distillery.
  4852 | D:6      | You fall into a shaft and drop 1 floor!
  4902 | D:7      | Reached skill level 5 in Fighting
  4902 | D:7      | Reached skill level 5 in Stealth
  5052 | D:7      | Reached skill level 6 in Unarmed Combat
  5791 | D:7      | Found a radiant altar of Vehumet.
  5929 | D:6      | Reached XP level 10. HP: 49/67 MP: 15/15
  6104 | D:6      | Found Nicin's Antique Armour Shoppe.
  6557 | D:7      | Found a staircase to the Ecumenical Temple.
  6566 | Temple   | Entered the Ecumenical Temple
  7563 | D:8      | Found Wony's Antique Weapon Boutique.
  7640 | D:8      | Reached skill level 7 in Unarmed Combat
  8093 | D:2      | Bought a scroll of acquirement for 520 gold pieces
  8093 | D:2      | Acquired a manual of Air Magic
  8100 | D:2      | Learned a level 4 spell: Vhi's Electric Charge
  8399 | D:5      | Killed Crazy Yiuf
  8813 | D:9      | Noticed a deep elf pyromancer
  8819 | D:9      | Killed a deep elf pyromancer
  8820 | D:9      | Reached skill level 1 in Air Magic
  8831 | D:9      | Noticed Joseph
  8832 | D:9      | Noticed Harold
  8839 | D:9      | Killed Joseph
  8840 | D:9      | Reached skill level 1 in Translocations
  8844 | D:9      | Killed Harold
  8845 | D:9      | Reached XP level 11. HP: 27/74 MP: 17/17
  9925 | D:9      | Found an ornate altar of the Wu Jian Council.
  9936 | D:9      | Noticed Jeremiah
  9939 | D:9      | Killed Jeremiah
 10164 | D:9      | Found a staircase to the Lair.
 10191 | D:9      | Reached skill level 5 in Evocations
 10303 | D:9      | Noticed Gastronok
 10318 | D:9      | Killed Gastronok
 10486 | D:9      | Reached skill level 8 in Unarmed Combat
 11076 | D:10     | Entered Level 10 of the Dungeon
 11085 | D:10     | Noticed a four-headed hydra
 11103 | D:9      | Reached skill level 5 in Shields
 11178 | D:9      | Killed a four-headed hydra
 11706 | D:10     | Found a stormy altar of Qazlal.
 11709 | D:10     | Found an ancient bone altar of Kikubaaqudgha.
 11711 | D:10     | Found an iron altar of Okawaru.
 11713 | D:10     | Found a white marble altar of Elyvilon.
 11713 | D:10     | Found a bloodstained altar of Trog.
 11713 | D:10     | Found a blossoming altar of Fedhas.
 11714 | D:10     | Found an opulent altar of Gozag.
 11715 | D:10     | Found a glowing golden altar of the Shining One.
 12169 | D:10     | Reached skill level 5 in Spellcasting
 12169 | D:10     | Reached XP level 12. HP: 67/82 MP: 19/19
 12351 | Gauntlet | Identified the "Xoklen"
 12351 | D:11     | Found a gate leading to a gauntlet.
 12366 | Gauntlet | Entered a Gauntlet
 12366 | Gauntlet | Found a transporter.
 12366 | Gauntlet | Found a transporter.
 12367 | Gauntlet | Found a transporter.
 12371 | Gauntlet | Found a transporter.
 12383 | Gauntlet | Found a transporter.
 12387 | Gauntlet | Found a transporter.
 12396 | Gauntlet | Found a transporter.
 12404 | Gauntlet | Found a transporter.
 12422 | Gauntlet | Found a transporter.
 12430 | Gauntlet | Found a transporter.
 12448 | Gauntlet | Found a transporter.
 12527 | Gauntlet | Found a transporter.
 12723 | Gauntlet | HP: 4/82 [acid (5)]
 12728 | Gauntlet | Demolished by a large slime creature

Illustrated notes

Levels and vault maps discovered:
D:1:      saegor_arrival_simple_e, layout_loops_cross, serial_shops,
          nicolae_shop_dealshenge, minmay_misc_feat_nine_boxes
D:2:      layout_basic, serial_shops, nicolae_shop_behind_doors,
          nicolae_diamond_shop, hellmonk_ecumenical_altar_watching_god,
          basic_altar
D:3:      layout_loops_corners, zin_purify, serial_shops,
          nicolae_shop_gibbet_a_chance, st_stairs_9, uniq_ijyb, uniq_natasha,
          uniq_sigmund
D:4:      layout_rooms, serial_shops, nicolae_shop_crystal,
          gup_sewer_entry_spiral
D:5:      layout_loops_ring, nicolae_dithmenos_the_darkroom, st_stairs_10,
          uniq_grinder, uniq_crazy_yiuf_cottage, uniq_edmund
D:6:      layout_loops_ring, serial_shops, shop, shop,
          nicolae_shop_behind_doors, nicolae_shop_trees,
          hangedman_decor_slide_cut
D:7:      layout_loops_ring, vehumet_statue, lemuel_temple_firewalk_b,
          kennysheep_generic_room_14
D:8:      layout_loops_cross, serial_shops, shop, water_maze_lemuel
D:9:      layout_gridville, nzn_wu_jian_contemplation, lair_entry_dummy,
          minivault_7, uniq_harold, uniq_joseph, uniq_gastronok, uniq_jeremiah
D:10:     layout_gridville, minitemple
D:11:     layout_long_grid, gauntlet_entry_generic, lightli_elemental_guards
Temple:   hellmonk_temple_rainy
Gauntlet: gammafunk_gauntlet_shortcut [nicolae_gauntlet_arena_quarters,
          gammafunk_gauntlet_arena_corners, gammafunk_gauntlet_arena_grid,
          gammafunk_gauntlet_arena_split_diamond, nicolae_gauntlet_arena_blocks,
          gammafunk_gauntlet_arena_hedges, dreamdust_gauntlet_exit_labyrinth]

Skill      XL: |  1  2  3  4  5  6  7  8  9 10 11 |
---------------+----------------------------------+-----
Stealth        | 1 2 3 4 5 6 7 |  7.3
Spellcasting   | 1 2 3 4 5 |  5.0
Fighting       | 2 3 4 5 6 7 |  7.6
Dodging        | 3 4 5 7 |  7.8
Unarmed Combat | 4 5 6 7 8 |  8.3
Shapeshifting  | 4 5 6 7 |  7.6
Shields        | 1 2 3 4 5 |  5.1
Evocations     | 1 2 3 4 5 |  5.4
Air Magic      | 2 3 |  3.9
Translocations | 1 2 |  2.7

Action                     |  1- 3 |  4- 6 |  7- 9 | 10-12 || total
---------------------------+-------+-------+-------+-------++-------
  Melee: Unarmed           |    54 |    63 |   207 |   297 ||   621
         Constrict         |    10 |    17 |    40 |    52 ||   119
         Tentacles         |     6 |    12 |    47 |    85 ||   150
         Punch             |     1 |     2 |    12 |    17 ||    32
  Evoke: Wand              |       |       |       |     5 ||     5
    Use: Scroll            |     3 |     6 |     5 |     8 ||    22
         Potion            |       |       |     1 |     9 ||    10
   Stab: Sleeping          |    11 |    10 |    15 |     6 ||    42
         Distracted        |       |       |       |     1 ||     1
 Armour: Skin              |    15 |    29 |    68 |   123 ||   235
  Dodge: Dodged            |    20 |    26 |    63 |   257 ||   366
  Block: Kite shield       |       |    10 |    64 |    66 ||   140
   Form: Flux              |       |       |       |     1 ||     1

Table legend: (Time is in decaauts)
 A = Elapsed time spent in this place.
 B = Non-inter-level travel time spent in this place.
 C = Inter-level travel time spent in this place.
 D = Time resting spent in this place.
 E = Time spent auto-exploring this place.
 F = Levels seen in this place.
 G = Mean time per level.
                   A        B        C        D        E       F      G
               +--------+--------+--------+--------+--------+-----+--------+
         Total |  12741 |  11782 |    959 |   2961 |   5255 |  14 |  910.1 |
       Dungeon |  12137 |  11178 |    959 |   2961 |   4926 |  11 | 1103.4 |
        Temple |      1 |      1 |      0 |      0 |      0 |   1 |    1.0 |
         Sewer |    242 |    242 |      0 |      0 |    177 |   1 |  242.0 |
      Gauntlet |    360 |    360 |      0 |      0 |    152 |   1 |  360.0 |
               +--------+--------+--------+--------+--------+-----+--------+

Top non-repeatable levels by time:
     D:9: 2577 daAuts
     D:7: 1787 daAuts
     D:5: 1456 daAuts
     D:8: 1144 daAuts
     D:6: 1117 daAuts
     D:3: 1000 daAuts
    D:10: 933 daAuts
     D:1: 781 daAuts
     D:2: 694 daAuts
     D:4: 630 daAuts
Gauntlet: 360 daAuts
   Sewer: 242 daAuts
    D:11: 14 daAuts
  Temple: 1 daAuts
